[Event "CHI-ch Women 2020"]
[Site "Las Condes"]
[Date "2020.02.16"]
[Round "7.10"]
[White "Fuentes Inzunza, Lesly"]
[Black "Zuniga Lara, Catalina Paz"]
[Result "1/2-1/2"]
[ECO "E87"]
[WhiteElo "1851"]
[BlackElo "1712"]
[Annotator "NA RC"]
[PlyCount "65"]
[EventDate "2020.02.11"]
[EventType "tourn"]
[EventCountry "CHI"]
[SourceTitle "playchess.com"]
[Source "ChessBase"]
[SourceQuality "1"]
[TimeControl "5400+30"]

1. d4 Nf6 2. c4 g6 3. Nc3 Bg7 4. e4 d6 5. f3 Nbd7 6. Be3 O-O 7. Nh3 e5 {[%emt 0:00:49] is the legacy move (7...a6).} 8. d5 a5 9. Qd2 {[%emt 0:01:58] E87: King's Indian: Sämisch: 6...e5 7 d5.} b6 10. Be2 Nc5 {[%emt 0:00:31] [#]} 11. Nf2 ({Better is} 11. g4 $1 $16) 11... Ne8 {[%emt 0:05:33] [#]} ({Black should try} 11... Nh5 $1 $14) 12. h4 $146 ({Predecessor:} 12. g4 f6 13. h4 Qe7 14. h5 g5 15. h6 Bh8 16. Rh5 Kf7 17. Nh3 Rg8 18. O-O-O {½-½ (62) Liu,B-Ang,A Queenstown 2012}) 12... f5 13. Bg5 Bf6 {[%emt 0:00:16] [#]} 14. Bh6 ({White should try} 14. exf5 $1 $16 gxf5 15. Nd3) 14... Bg7 15. h5 f4 16. hxg6 hxg6 17. O-O-O Bxh6 18. Rxh6 Qg5 (18... Kg7 $11 19. Rh2 (19. Rdh1 Nf6 $14) 19... Bd7) 19. Rdh1 Qxg2 {[%emt 0:01:59] [#]} 20. Qe1 $1 Qg5 21. Qg1 $2 ({White should play} 21. R1h2 $18) 21... Qxg1+ 22. Rxg1 Rf7 23. Rhxg6+ Rg7 24. Rxg7+ Nxg7 25. Nb5 Na6 {[%emt 0:00:06] [#]} (25... Bd7 $1 $11) 26. Bf1 (26. Rg6 $1 $16) 26... Kf7 27. Rh1 Bd7 28. Nc3 Nc5 29. Kc2 Kg6 30. b3 Nh5 31. Rg1+ Kf6 32. Ne2 $15 b5 (32... Ke7 $11 {remains equal.}) 33. cxb5 1/2-1/2

[Event "CHI-ch Women 2020"]
[Site "Las Condes"]
[Date "2020.02.17"]
[Round "8.6"]
[White "Hormazabal Figueroa, Constanza Valentina"]
[Black "Zuniga Lara, Catalina Paz"]
[Result "1/2-1/2"]
[ECO "B06"]
[WhiteElo "1786"]
[BlackElo "1712"]
[Annotator "NA RC"]
[PlyCount "50"]
[EventDate "2020.02.11"]
[EventType "tourn"]
[EventCountry "CHI"]
[SourceTitle "playchess.com"]
[Source "ChessBase"]
[SourceQuality "1"]
[TimeControl "5400+30"]

1. e4 g6 2. d4 Bg7 3. Nf3 d6 4. Nc3 Nd7 5. Bc4 Nb6 6. Bb3 Nf6 7. a4 a5 8. O-O O-O 9. Qe2 Nbd7 10. Rd1 Ne8 11. e5 h6 12. e6 fxe6 13. Qxe6+ Kh7 14. Qe2 Ndf6 15. Re1 Ng8 16. Nd5 Nef6 17. Nh4 Nxd5 18. Qd3 Bf5 19. Nxf5 Rxf5 20. g4 Nb4 21. Qe4 d5 22. Qg2 Rf8 23. Re2 Qd6 24. c3 Nd3 25. Bxd5 Nxc1 1/2-1/2

[Event "CHI-ch Women 2020"]
[Site "Las Condes"]
[Date "2020.02.17"]
[Round "8.7"]
[White "Melin Contreras, Valeria"]
[Black "Fuentes Inzunza, Lesly"]
[Result "1-0"]
[ECO "B12"]
[WhiteElo "1685"]
[BlackElo "1851"]
[Annotator "NA RC"]
[PlyCount "73"]
[EventDate "2020.02.11"]
[EventType "tourn"]
[EventCountry "CHI"]
[SourceTitle "playchess.com"]
[Source "ChessBase"]
[SourceQuality "1"]
[TimeControl "5400+30"]

1. e4 c6 2. d4 d5 3. Nc3 dxe4 4. Nxe4 g6 5. c3 Bg7 6. Nf3 Nf6 7. Nxf6+ exf6 8. Bc4 O-O 9. O-O Bg4 {[%emt 0:01:25] B12: Caro-Kann: Advance Variation.} 10. h3 Bxf3 11. Qxf3 Nd7 {[%emt 0:00:41] [#]} 12. h4 $146 ({Predecessor:} 12. Bb3 f5 13. Bf4 Nb6 14. Rad1 a5 15. a3 a4 16. Ba2 Re8 17. Rfe1 Rxe1+ 18. Rxe1 {1-0 (35) Skembris,S (2470)-Sprecic,M (2330) Tuzla 1990}) 12... h5 13. Bf4 Nb6 14. Bb3 Qd7 15. Rfe1 Rfe8 16. Kf1 Qf5 17. Qg3 a5 18. a4 Nd5 19. Bd2 b5 (19... Bf8 $11) 20. axb5 Rxe1+ 21. Rxe1 a4 22. Bxd5 Qxd5 23. bxc6 Qxc6 {[%emt 0:00:09] [#]} 24. Qd3 $1 Rb8 25. Bc1 Rb3 {[%emt 0:00:43] [#]} (25... Qd7 $16 {was necessary.} 26. Qa6 f5) 26. Qe4 (26. d5 $1 $18 {[%cal Rd5c6] and White stays clearly on top.} Qd7 27. Kg1) 26... Qc4+ {[%emt 0:01:21] [#]} (26... Qxe4 $142 27. Rxe4 a3 28. bxa3 Rxc3) 27. Qe2 $1 Qc7 (27... Qxe2+ $142 28. Kxe2 a3 29. bxa3 Rxc3) 28. Qe8+ {[%emt 0:00:38] Double Attack} Kh7 29. Qxa4 Rb7 30. Kg1 Ra7 31. Qe8 Ra1 $18 32. d5 f5 33. Qc6 Qd8 34. Bd2 Ra7 35. Bg5 f6 36. Be3 Rd7 37. Bb6 1-0

[Event "CHI-ch Women 2020"]
[Site "Las Condes"]
[Date "2020.02.17"]
[Round "8.8"]
[White "Sanchez Tobar, Francisca Valentina"]
[Black "Luna Benalcazar, Gianella"]
[Result "1-0"]
[ECO "C47"]
[WhiteElo "1757"]
[BlackElo "1756"]
[Annotator "NA RC"]
[PlyCount "53"]
[EventDate "2020.02.11"]
[EventType "tourn"]
[EventCountry "CHI"]
[SourceTitle "playchess.com"]
[Source "ChessBase"]
[SourceQuality "1"]
[TimeControl "5400+30"]

1. e4 e5 2. Nf3 Nc6 3. Nc3 Nf6 4. d4 exd4 5. Nxd4 Bb4 6. Nxc6 Bxc3+ 7. bxc3 bxc6 8. Bd3 d5 9. exd5 cxd5 10. O-O O-O 11. Bg5 Qd6 12. Bxf6 Qxf6 13. Qh5 g6 14. Qxd5 Be6 15. Qc5 Rfd8 16. Qxc7 Rdc8 17. Qa5 Qxc3 18. Qxc3 Rxc3 19. Rfb1 Ra3 20. Rb2 Kg7 21. f3 Rd8 22. Rb7 Bxa2 23. Rb2 Rd5 24. Rbxa2 Rxa2 25. Rxa2 a5 26. Kf2 Re5 27. c4 1-0

[Event "CHI-ch Women 2020"]
[Site "Las Condes"]
[Date "2020.02.18"]
[Round "9.6"]
[White "Gomez Barrera, Javiera Belen"]
[Black "Hormazabal Figueroa, Constanza Valentina"]
[Result "1-0"]
[ECO "B41"]
[WhiteElo "2051"]
[BlackElo "1786"]
[Annotator "NA"]
[PlyCount "45"]
[EventDate "2020.02.11"]
[EventType "tourn"]
[EventCountry "CHI"]
[SourceTitle "playchess.com"]
[Source "ChessBase"]
[SourceQuality "1"]
[TimeControl "5400+30"]

1. e4 c5 2. Nf3 e6 3. d4 cxd4 4. Nxd4 a6 5. c4 Nf6 6. Nc3 Qc7 7. Be2 Bb4 8. Qd3 d6 9. Nc2 Bc5 ({Black should try} 9... Bxc3+ $14 10. Qxc3 b5) 10. b4 $16 Ba7 11. Be3 Bxe3 12. Nxe3 Nc6 13. a3 O-O 14. O-O b6 15. Rac1 Ne5 16. Qd4 Rd8 17. f3 Nc6 18. Qd2 Bb7 19. Ncd5 exd5 20. cxd5 Qd7 21. dxc6 Bxc6 22. Nf5 Ne8 23. Rxc6 1-0

[Event "CHI-ch Women 2020"]
[Site "Las Condes"]
[Date "2020.02.18"]
[Round "9.7"]
[White "Morales Flores, Monserrat"]
[Black "Reyes Jara, Paula"]
[Result "1-0"]
[ECO "C46"]
[WhiteElo "1955"]
[BlackElo "1860"]
[Annotator "NA"]
[PlyCount "55"]
[EventDate "2020.02.11"]
[EventType "tourn"]
[EventCountry "CHI"]
[SourceTitle "playchess.com"]
[Source "ChessBase"]
[SourceQuality "1"]
[TimeControl "5400+30"]

1. e4 e5 2. Nf3 Nc6 3. Nc3 Bc5 4. Nxe5 Bxf2+ 5. Kxf2 Nxe5 6. d4 Ng6 7. Be2 Qh4+ 8. g3 Qf6+ 9. Kg2 N8e7 10. Rf1 $18 Qb6 11. a4 c6 12. Qd3 O-O 13. e5 d5 14. exd6 Nf5 15. Rxf5 Bxf5 16. Qxf5 Qxd4 17. Bf4 Rad8 18. Rd1 Qb4 19. Ne4 Qxb2 20. Bd3 Qb4 21. h4 Qxa4 22. h5 Nxf4+ 23. gxf4 g6 24. Nf6+ Kg7 25. h6+ Kh8 26. Qe5 Qa3 27. Nd7+ f6 28. Qe7 1-0

[Event "CHI-ch Women 2020"]
[Site "Las Condes"]
[Date "2020.02.18"]
[Round "9.8"]
[White "Luna Benalcazar, Gianella"]
[Black "Abarca Gonzalez, Damaris"]
[Result "1/2-1/2"]
[ECO "E16"]
[WhiteElo "1756"]
[BlackElo "2056"]
[Annotator "NA"]
[PlyCount "46"]
[EventDate "2020.02.11"]
[EventType "tourn"]
[EventCountry "CHI"]
[SourceTitle "playchess.com"]
[Source "ChessBase"]
[SourceQuality "1"]
[TimeControl "5400+30"]

1. d4 e6 2. c4 Nf6 3. Nc3 Bb4 4. Nf3 b6 5. g3 Bb7 6. Bg2 O-O 7. O-O d6 8. Bd2 Nbd7 9. a3 Bxc3 10. Bxc3 Ne4 11. Qc2 f5 12. Ne1 Qg5 $11 13. b4 Ndf6 14. Bb2 Qh5 15. Nd3 Ng4 16. h3 Ngf6 17. Nf4 Qf7 18. d5 e5 19. Ne6 Rfe8 20. g4 g6 21. g5 Nh5 22. Bxe4 fxe4 23. f4 Rxe6 1/2-1/2

[Event "CHI-ch Women 2020"]
[Site "Las Condes"]
[Date "2020.02.18"]
[Round "9.9"]
[White "Fuentes Inzunza, Lesly"]
[Black "Sanchez Tobar, Francisca Valentina"]
[Result "1-0"]
[ECO "E84"]
[WhiteElo "1851"]
[BlackElo "1757"]
[Annotator "NA"]
[PlyCount "133"]
[EventDate "2020.02.11"]
[EventType "tourn"]
[EventCountry "CHI"]
[SourceTitle "playchess.com"]
[Source "ChessBase"]
[SourceQuality "1"]
[TimeControl "5400+30"]

1. d4 Nf6 2. c4 g6 3. Nc3 Bg7 4. e4 d6 5. f3 O-O 6. Be3 a6 7. Qd2 Nc6 $14 8. Nge2 Rb8 9. Nc1 e5 10. d5 Nd4 11. Nb3 Nxb3 12. axb3 Ne8 13. g4 f5 14. gxf5 gxf5 15. Bg5 Bf6 16. Rg1 Kh8 17. Bh6 Bh4+ 18. Kd1 Rg8 19. Rxg8+ Kxg8 20. exf5 Bxf5 21. Ne4 Bxe4 22. fxe4 Qf6 23. Be2 Qg6 24. Qe3 Bf2 25. Qxf2 Qxh6 26. Kc2 Nf6 27. Rg1+ Kf7 28. Qf5 Re8 29. h3 Re7 30. Rf1 Kg7 31. Kd1 Qg6 32. Qc8 Rf7 33. Bd3 Qh5+ 34. Kc2 Qg5 35. Qf5 Qxf5 36. Rxf5 Nd7 37. Rg5+ Kh6 38. Rg8 Rf3 39. Be2 Rf2 40. Kd1 Nc5 41. Rc8 Rf7 42. Rb8 a5 43. Bg4 b6 44. b4 axb4 45. Bf5 Rg7 46. Rh8 Nd3 47. Kc2 Ne1+ 48. Kb3 Nf3 49. Kxb4 Nd4 50. Bg4 Kg5 51. Rf8 Nc2+ 52. Kb5 Ne3 53. Be6 Kh4 54. Rf3 Nc2 55. Rf7 Nd4+ 56. Ka6 Rxf7 57. Bxf7 Kxh3 58. Kb7 b5 59. cxb5 Nxb5 60. Kc6 Nd4+ 61. Kxc7 Kg3 62. Kxd6 Kf4 63. Kc5 h5 64. d6 h4 65. d7 h3 66. d8=Q h2 67. Qh4+ 1-0

[Event "CHI-ch Women 2020"]
[Site "Las Condes"]
[Date "2020.02.18"]
[Round "9.10"]
[White "Zuniga Lara, Catalina Paz"]
[Black "Melin Contreras, Valeria"]
[Result "1/2-1/2"]
[ECO "E65"]
[WhiteElo "1712"]
[BlackElo "1685"]
[Annotator "NA"]
[PlyCount "121"]
[EventDate "2020.02.11"]
[EventType "tourn"]
[EventCountry "CHI"]
[SourceTitle "playchess.com"]
[Source "ChessBase"]
[SourceQuality "1"]
[TimeControl "5400+30"]

1. d4 Nf6 2. Nf3 g6 3. g3 Bg7 4. Bg2 d6 5. O-O O-O 6. c4 Nbd7 7. Nc3 c5 8. Qc2 cxd4 9. Nxd4 Rb8 10. h3 Nc5 11. Be3 e5 12. Ndb5 a6 13. b4 Bf5 14. Qd2 Nce4 15. Nxe4 Nxe4 16. Bxe4 axb5 17. Bxf5 gxf5 18. Qd5 f4 19. Ba7 Ra8 20. Qxb7 Qg5 21. Kh2 e4 22. Rad1 fxg3+ 23. fxg3 Be5 24. Rg1 bxc4 25. Bd4 Rxa2 26. Bxe5 Rxe2+ 27. Rg2 Rxg2+ 28. Kxg2 Qxe5 29. h4 e3 30. Qd5 Qxd5+ 31. Rxd5 e2 32. Kf2 Re8 33. Ke1 Re3 34. Rxd6 Rxg3 35. Rd4 c3 36. Kxe2 Kf8 37. b5 c2 38. Kd2 Rb3 39. Rd5 Rb2 40. Kc1 Rb4 41. h5 Rc4 42. b6 Rb4 43. Rd6 Rb5 44. Kxc2 Kg7 45. h6+ Kf8 46. Kd3 Ke7 47. Rc6 Rb1 48. Kd4 Kd7 49. Rf6 Ke7 50. Rc6 Kd7 51. Rf6 Ke7 52. Rc6 Rb2 53. Ke4 Kd7 54. Rc7+ Ke6 55. Rc6+ Kd7 56. Rc7+ Ke6 57. b7 Kf6 58. Kf4 Rb4+ 59. Kg3 Kg6 60. Kf3 f6 61. Kg3 1/2-1/2